 Dungeon Crawl Stone Soup version 0.20-a0-700-gbd4582c (webtiles) character file.

2628 polly the Blocker (level 9, -8/54 HPs)
             Began as a Gargoyle Fighter on Feb 21, 2017.
             Was an Elder of Okawaru.
             Killed from afar by an oklob plant (13 damage)
             ... with a splash of acid
             ... on level 7 of the Dungeon.
             The game lasted 00:10:09 (6391 turns).

polly the Blocker (Gargoyle Fighter)                Turns: 6391, Time: 00:10:09

Health: -8/54      AC: 18    Str: 21    XL:     9   Next: 61%
Magic:  9/9        EV:  7    Int:  9    God:    Okawaru [****..]
Gold:   343        SH: 16    Dex: 11    Spells: 8/8 levels left

rFire    . . .     SeeInvis .   x - +2 flail (protect)
rCold    . . .     Gourm    .   w - +0 chain mail
rNeg     + . .     Faith    .   c - +0 shield
rPois    ∞         Spirit   .   (no helmet)
rElec    +         Reflect  +   (no cloak)
rCorr    .         Harm     .   (no gloves)
MR       .....                  (no boots)
Stlth    ..........             i - +5 amulet of reflection
Regen    0.2/turn               (no ring)
MPRegen  0.2/turn               (no ring)

@: corroded, protection aura, very slightly contaminated, hasted, very quick
A: negative energy resistance 1, electricity resistance, unbreathing,
petrification resistance, rot immunity, AC +5
a: Heroism, Renounce Religion


You were on level 7 of the Dungeon.
You worshipped Okawaru.
Okawaru was greatly pleased with you.
You were very hungry.

You visited 1 branch of the dungeon, and saw 7 of its levels.
You also visited: Ossuary.

You collected 343 gold pieces.

Inventory:

Hand Weapons
 x - a +2 flail of protection (weapon)
Missiles
 a - 3 throwing nets (quivered)
Armour
 c - a +0 shield (worn)
 w - a +0 chain mail (worn)
Jewellery
 i - a +5 amulet of reflection (around neck)
 o - an uncursed amulet of guardian spirit {unknown}
 r - an uncursed ring of flight {unknown}
 s - an uncursed ring of protection from fire {unknown}
 C - an uncursed amulet of harm {unknown}
 F - an uncursed amulet of regeneration {unknown}
 J - a cursed -3 ring of protection {unknown}
Wands
 d - a wand of polymorph (3/24)
 y - a wand of random effects (31/48)
 I - a wand of iceblast (9/15)
Scrolls
 g - 11 scrolls of identify
 k - 2 scrolls of magic mapping
 m - 4 scrolls of teleportation
 p - a scroll of recharging {unknown}
 q - 2 scrolls of amnesia {unknown}
 v - a scroll of fog {unknown}
 A - a scroll of random uselessness {unknown}
 D - a scroll of remove curse
 E - a scroll of enchant armour {unknown}
Potions
 h - a potion of magic {unknown}
 j - 2 potions of brilliance {unknown}
 l - 4 potions of haste
 t - 3 potions of lignification {unknown}
 u - 2 potions of heal wounds {unknown}
 z - a potion of invisibility {unknown}
Books
 B - a book of Changes

   Spells                             Type                      Level
   a - Beastly Appendage              Transmutation                1
   b - Sticks to Snakes               Transmutation                2
   c - Spider Form                    Transmutation/Poison         3
   d - Ice Form                       Ice/Transmutation            4
   e - Blade Hands                    Transmutation                5
 G - a book of Unlife

   Spells                             Type                      Level
   a - Recall                         Summoning/Translocation      3
   b - Animate Dead                   Necromancy                   4
   c - Control Undead                 Necromancy                   4
   d - Cigotuvi's Embrace             Necromancy                   5
   e - Death Channel                  Necromancy                   6
   f - Simulacrum                     Ice/Necromancy               6
 H - a book of Misfortune

   Spells                             Type                      Level
   a - Confusing Touch                Hexes                        1
   b - Confuse                        Hexes                        3
   c - Gell's Gravitas                Hexes/Translocation          3
   d - Petrify                        Transmutation/Earth          4
   e - Metabolic Englaciation         Hexes/Ice                    5
   f - Yara's Violent Unravelling     Hexes/Transmutation          5
Comestibles
 b - a royal jelly
 f - 5 bread rations
 n - a meat ration


   Skills:
 + Level 5.5 Fighting
 + Level 7.8 Maces & Flails
 + Level 5.9 Armour
 + Level 2.6 Dodging
 + Level 1.0 Stealth
 + Level 8.7 Shields


You had 8 spell levels left.
You didn't know any spells.

Dungeon Overview and Level Annotations

Branches:
Dungeon (7/15)             Temple (0/1) D:4

Altars:
Fedhas
Okawaru
Vehumet
Xom
Yredelemnul

Annotations:
D:7 exclusion: oklob plant


Innate Abilities, Weirdness & Mutations

You are resistant to torment.
Your stone body is resilient. (AC +5)
You are immune to poison.
You resist negative energy. (rN+)
You are resistant to electric shocks. (rElec)
You can survive without breathing.
You are immune to petrification.
You are immune to rotting.


Message History

* * * LOW HITPOINT WARNING * * *
You feel better. The oklob plant spits acid at you.
The splash of acid hits you!
You are splashed with acid!
The acid burns!
* * * LOW HITPOINT WARNING * * *
You hit the oklob plant but do no damage.
The oklob plant is almost destroyed.
You hit the oklob plant.
The oklob plant is almost destroyed.
You completely miss the oklob plant.
The oklob plant is almost destroyed.
You hit the oklob plant but do no damage.
The oklob plant is almost destroyed.
You feel yourself speed up.
You are very lightly contaminated with residual magic.
You hit the oklob plant but do no damage.
The oklob plant is almost destroyed.
The oklob plant spits acid at you. The splash of acid hits you!
You die...

#......# #.###....##.#
..####.###.###...###.#
#.#.........<#...###.#
....##.###.#.#.......#
#.####.# #.......#####
#.# #.# ##.#....# ###
#### ###########


#P#P#PPP.PPP# PPPP#PPP@PPP# #PP#PP%%..P.# P#PPPPP.PP..P# ......P.PPPPP#
≈≈.≈≈..#.PP.## ≈≈.≈≈≈..P.#P# ≈≈≈.≈≈≈≈..#PP# ≈≈≈≈.≈≈≈≈≈.PPP## .≈≈≈≈...≈≈≈≈.PP#P#
You could see an oklob plant.

Vanquished Creatures
  A hippogriff (D:7)
  4 ogres
  2 phantoms (D:4)
  A centaur (D:5)
  A gnoll sergeant (D:3)
  2 water moccasin zombies (Ossuary)
  4 scorpions (D:4)
  3 wights (D:7)
  3 crimson imps
  2 jellies
  3 gnoll shamans (D:4)
  An orc priest (D:3)
  A hound (D:4)
  2 bullfrog skeletons (D:4)
  An orc wizard (D:4)
  Natasha (thrice) (D:3)
  A worker ant (D:5)
  A hound skeleton (D:5)
  2 mummies (Ossuary)
  A worker ant zombie (D:5)
  40 gnolls
  8 adders
  3 oozes
  An adder skeleton (D:4)
  3 adder zombies (Ossuary)
  8 worms
  3 dart slugs
  5 leopard geckos
  19 orcs
  2 bats (D:1)
  3 giant cockroaches
  7 gnoll zombies (Ossuary)
  4 goblins
  9 hobgoblins
  4 iguanas
  26 jackals
  6 kobolds
  3 quokkas
  2 ball pythons
  A ball python skeleton (D:4)
  6 frilled lizards
  5 hobgoblin zombies (Ossuary)
  A jackal skeleton (D:6)
  5 kobold zombies (Ossuary)
  A leopard gecko zombie (D:6)
  3 orc zombies (Ossuary)
  A quokka zombie (D:6)
  6 rats
  A fungus (D:7)
225 creatures vanquished.

Vanquished Creatures (others)
  A centaur (D:6)
  A plant (D:4)
2 creatures vanquished.

Grand Total: 227 creatures vanquished

Notes
Turn   | Place    | Note
-------+----------+-------------------------------------------
     0 | D:1      | polly the Gargoyle Fighter began the quest for the Orb.
     0 | D:1      | Reached XP level 1. HP: 14/14 MP: 1/1
   125 | D:1      | Found an iron altar of Okawaru.
   166 | D:1      | Became a worshipper of Warmaster Okawaru
   174 | D:1      | Reached XP level 2. HP: 19/19 MP: 2/2
   336 | D:1      | Reached XP level 3. HP: 22/23 MP: 3/3
   468 | D:1      | Found a basalt altar of Yredelemnul.
   700 | D:2      | Reached skill level 4 in Shields
   711 | D:2      | Found a shimmering altar of Xom.
   776 | D:2      | Reached XP level 4. HP: 28/28 MP: 4/4
  1242 | D:3      | Reached * piety under Okawaru
  1242 | D:3      | Reached XP level 5. HP: 33/33 MP: 5/5
  1275 | D:3      | Noticed Natasha
  1281 | D:3      | Killed Natasha
  1630 | D:3      | Reached skill level 1 in Dodging
  1860 | D:3      | Reached XP level 6. HP: 36/38 MP: 6/6
  1929 | D:3      | Noticed Natasha
  1959 | D:3      | Killed Natasha
  2250 | D:3      | Found a faded altar of an unknown god.
  2395 | D:4      | Reached skill level 5 in Shields
  2420 | D:4      | Noticed a phantom
  2446 | D:4      | Killed a phantom
  2446 | D:4      | Reached XP level 7. HP: 34/43 MP: 7/7
  2462 | D:4      | Found a radiant altar of Vehumet.
  2530 | D:4      | Reached ** piety under Okawaru
  2530 | D:4      | Reached skill level 5 in Maces & Flails
  2576 | D:4      | Found a staircase to the Ecumenical Temple.
  2604 | D:4      | Found a sand-covered staircase.
  2613 | Ossuary  | Entered an ossuary
  2767 | Ossuary  | Reached skill level 6 in Shields
  2927 | D:4      | Reached XP level 8. HP: 34/48 MP: 8/8
  3204 | D:4      | Reached skill level 5 in Armour
  3326 | D:3      | Noticed Natasha
  3330 | D:3      | Killed Natasha
  3838 | D:4      | Reached skill level 1 in Stealth
  3845 | D:4      | Reached *** piety under Okawaru
  3891 | D:4      | Reached skill level 7 in Shields
  4670 | D:5      | Entered Level 5 of the Dungeon
  5176 | D:5      | Reached XP level 9. HP: 47/53 MP: 9/9
  5341 | D:5      | Reached skill level 8 in Shields
  5446 | D:6      | Reached skill level 5 in Fighting
  5874 | D:6      | Reached **** piety under Okawaru
  6344 | D:7      | Found a blossoming altar of Fedhas.
  6357 | D:7      | Noticed an oklob plant
  6391 | D:7      | Killed from afar by an oklob plant

Vault maps used:
D:1:      dpeg_arrival_water_altar, okawaru_ov_weapons_minmay
D:2:      dk_xom_monty_hall
D:3:      first_bread, chequers_ecumenical_altar_twisty, minmay_crystal_water,
          uniq_natasha
D:4:      lemuel_castle_with_subvaults, lemuel_round_altar,
          minmay_temple_entry_poolview, enter_ossuary_1
D:7:      minmay_holes, tgw_fedhas
Ossuary:  ossuary_tomb_2

Skill      XL: |  1  2  3  4  5  6  7  8  9 |
---------------+----------------------------+-----
Shields        | 4 5 6 7 8 |  8.7
Maces & Flails | 3 4 5 6 7 |  7.8
Armour         | 4 5 |  5.9
Dodging        | 1 2 |  2.6
Fighting       | 4 5 |  5.5
Stealth        | 1 |  1.0

Action                   |  1- 3 |  4- 6 |  7- 9 || total
-------------------------+-------+-------+-------++-------
Melee: Flail             |   149 |   189 |   773 ||  1111
  Use: Scroll            |       |     3 |       ||     3
       Potion            |       |     1 |     8 ||     9
  Eat: Chunk             |       |     4 |    13 ||    17
       Royal jelly       |       |       |     1 ||     1
Armor: Scale mail        |    79 |    59 |   197 ||   335
       Chain mail        |       |       |    59 ||    59
Dodge: Dodged            |    44 |    32 |   206 ||   282
Block: Shield            |   115 |   148 |   664 ||   927
       Reflection        |     4 |     2 |     9 ||    15
